[Event "N1 Reykjavik Open 2014"]
[Site "Reykjavik, Iceland"]
[Date "2014.03.10"]
[Round "8.10"]
[White "Berkes, Ferenc"]
[Black "Thorhallsson, Throstur"]
[Result "1/2-1/2"]
[WhiteElo "2687"]
[BlackElo "2435"]
[ECO "D00"]
[EventDate "2014.??.??"]
[Annotator "peturla"]
[PlyCount "107"]
[TimeControl "6000+955"]
[WhiteClock "0:07:24"]
[BlackClock "0:26:07"]

1. d4 d5 2. Bf4 c5 3. e3 Nc6 4. c3 Nf6 5. Nd2 Bf5 6. Qb3 Qd7 7. Ngf3 c4 8.
 Qd1 e6 9. Be2 Be7 10. Ne5 Nxe5 11. Bxe5 O-O 12. g4 Bg6 13. h4 Qb5 14. 
Bxf6 gxf6 15. h5 Bd3 16. Bxd3 cxd3 17. Nb3 e5 18. Qf3 a5 19. Rb1 a4 20. 
Nd2 exd4 21. exd4 Rfe8 22. O-O Bf8 23. Rfd1 Qd7 24. Nf1 Bh6 25. Rxd3 Re4 
26. Qf5 Rxg4+ 27. Qxg4+ Qxg4+ 28. Rg3 f5 29. Re1 a3 30. Rb1 Rc8 31. bxa3 
Rxc3 32. Rxg4+ fxg4 33. Rxb7 Bf4 34. Rd7 Rxa3 35. Rxd5 Kf8 36. Rf5 Bd6 37.
 Rg5 Rxa2 38. Ne3 Be7 39. Rb5 Bd6 40. Nxg4 Rd2 41. d5 Bf4 42. Rb4 Bd6 43. 
Rb5 Bf4 44. Ra5 f5 45. Ra8+ Ke7 46. Ra7+ Kd6 47. Nf6 Bg5 48. Nxh7 Bh4 49. 
Rf7 Bxf2+ 50. Kf1 Be3 51. Nf8 Kxd5 52. Rd7+ Ke4 53. Rxd2 Bxd2 54. Ng6 
1/2-1/2

[Event "N1 Reykjavik Open 2014"]
[Site "Reykjavik, Iceland"]
[Date "2014.03.10"]
[Round "8.11"]
[White "Porper, Edward"]
[Black "Gajewski, Grzegorz"]
[Result "0-1"]
[WhiteElo "2427"]
[BlackElo "2631"]
[ECO "E11"]
[EventDate "2014.??.??"]
[Annotator "peturla"]
[PlyCount "110"]
[TimeControl "6000+870"]
[WhiteClock "0:27:21"]
[BlackClock "0:32:08"]

1. d4 Nf6 2. c4 e6 3. Nf3 Bb4+ 4. Bd2 a5 5. g3 d5 6. Qc2 O-O 7. Bg2 Be7 8.
 O-O c6 9. Bf4 Nbd7 10. Nbd2 Nh5 11. Ne5 Nxe5 12. Bxe5 f6 13. Bf4 Nxf4 14.
 gxf4 Bd6 15. e3 g5 16. f5 exf5 17. cxd5 cxd5 18. Bxd5+ Kh8 19. Bg2 Be6 
20. d5 Bd7 21. Rac1 b5 22. Rfd1 Qe7 23. Qc3 Rg8 24. Qd4 Rg6 25. Nf1 Rh6 
26. Qb6 Qe5 27. Qd4 Rh4 28. Qxe5 fxe5 29. Rc6 Rh6 30. Rb6 Ra7 31. Rc1 e4 
32. Ng3 Rg6 33. Kh1 Be5 34. Rxg6 hxg6 35. Rc2 Rc7 36. Rxc7 Bxc7 37. f3 
exf3 38. Bxf3 Kg7 39. Ne2 Kf6 40. Nc1 g4 41. Bd1 Bb6 42. e4 fxe4 43. Kg2 
Ke5 44. Ne2 Be3 45. Bc2 b4 46. Ng3 Bf4 47. d6 Bc6 48. Kf1 a4 49. Ke1 a3 
50. bxa3 bxa3 51. Ke2 Bxg3 52. hxg3 Kxd6 53. Kd2 Ke5 54. Ke3 Bd5 55. Bb1 
Bc4 0-1